 Dungeon Crawl Stone Soup version 0.19.5 (webtiles) character file.

338 Inarius the Slasher (level 6, -2/53 HPs)
             Began as a Minotaur Fighter on Apr 27, 2017.
             Was an Initiate of Qazlal.
             Slain by Diode's ghost (11 damage)
             ... on level 5 of the Dungeon.
             The game lasted 00:07:02 (3382 turns).

Inarius the Slasher (Minotaur Fighter)              Turns: 3382, Time: 00:07:03

Health: -2/53      AC:  8    Str: 21    XL:     6   Next: 29%
Magic:  5/5        EV:  9    Int:  5    God:    Qazlal [......]
Gold:   172        SH: 10    Dex: 11    Spells: 0 memorised, 5 levels left

rFire  . . .     SeeInvis .     a - +0 long sword
rCold  . . .     Gourm    .     i - +0 ring mail
rNeg   . . .     Faith    .     c - +0 shield
rPois  .         Spirit   .     (helmet restricted)
rElec  .         Reflect  .     b - +1 cloak
rCorr  .         Harm     .     (no gloves)
MR     .....                    (no boots)
Stlth  +.........               (no amulet)
                                (no ring)
                                (no ring)

@: no status effects
A: retaliatory headbutt, horns 2
a: Renounce Religion


You were on level 5 of the Dungeon.
You worshipped Qazlal.
Qazlal was noncommittal.
You were not hungry.

You visited 1 branch of the dungeon, and saw 5 of its levels.

You collected 172 gold pieces.

Inventory:

Hand Weapons
 a - a +0 long sword (weapon)
Armour
 b - a +1 cloak (worn)
 c - a +0 shield (worn)
 i - a +0 ring mail (worn)
Jewellery
 u - an uncursed ring of poison resistance {unknown}
Scrolls
 e - 2 scrolls of enchant weapon {unknown}
 j - a scroll of fear {unknown}
 k - a scroll of recharging {unknown}
 l - 3 scrolls of enchant armour {unknown}
 o - a scroll of identify {unknown}
 q - 4 scrolls of teleportation {unknown}
 r - a scroll of immolation {unknown}
 t - a scroll of remove curse {unknown}
 w - a scroll of blinking {unknown}
Potions
 d - a potion of might
 h - a potion of cancellation {unknown}
 n - 2 potions of berserk rage {unknown}
 p - a potion of haste {unknown}
 v - a potion of degeneration {unknown}
 x - a potion of ambrosia {unknown}
 z - a potion of curing {unknown}
 A - a potion of invisibility {unknown}
Comestibles
 f - 4 chunks of flesh
 g - 2 meat rations
 m - 5 fruits
 s - 5 beef jerkies


   Skills:
 + Level 4.6 Fighting
 + Level 5.5 Long Blades
 + Level 4.6 Armour
 + Level 2.1 Dodging
 + Level 0.5 Stealth
 + Level 4.7 Shields


You had 5 spell levels left.
You didn't know any spells.

Dungeon Overview and Level Annotations

Branches:
Dungeon (5/15)
 Temple: D:4-7

Altars:
Qazlal
Xom

Annotations:
D:5 Diode's ghost, amateur MiBe


Innate Abilities, Weirdness & Mutations

You reflexively headbutt those who attack you in melee.
You have a pair of horns on your head.


Message History

You slash Diode's ghost! Your headbutt misses Diode's ghost.
Diode's ghost is lightly damaged.
Diode's ghost hits you but does no damage.
Your shield and ring mail prevent you from hitting Diode's ghost.
Diode's ghost is lightly damaged.
Diode's ghost hits you!
You barely miss Diode's ghost. Your headbutt misses Diode's ghost.
Diode's ghost is lightly damaged.
You block Diode's ghost's attack. Diode's ghost hits you.
You hit Diode's ghost but do no damage.
You headbutt Diode's ghost, but do no damage.
Diode's ghost is lightly damaged.
Diode's ghost ripples.
Diode's ghost hits you but does no damage.
You miss Diode's ghost.
Diode's ghost is lightly damaged.
Diode's ghost hits you!
* * * LOW HITPOINT WARNING * * *
Diode's ghost hits you!
You die...

### ... + #.#
..# #.# ###...#
#.####......#
####..?..?..).#
#@Ws..........'.
####.#.#......##
#.#........#
#.?....#.###
#........#
.........#
.#..(...$##
#.......#


You could see a scorpion and Diode's ghost.

Vanquished Creatures
  3 hounds (D:4)
  2 worker ants
  Natasha (thrice) (D:4)
  3 gnolls (D:2)
  4 adders
  3 worms
  A dart slug (D:2)
  A leopard gecko (D:4)
  An orc (D:4)
  2 ball pythons
  4 giant cockroaches
  2 goblins
  7 hobgoblins
  4 jackals (D:4)
  5 kobolds
  A quokka (D:3)
  4 bats
  4 frilled lizards
  3 rats
57 creatures vanquished.

Notes
Turn   | Place    | Note
-------+----------+-------------------------------------------
     0 | D:1      | Inarius the Minotaur Fighter began the quest for the Orb.
     0 | D:1      | Reached XP level 1. HP: 19/19 MP: 0/0
   377 | D:1      | Reached XP level 2. HP: 27/27 MP: 1/1
  1197 | D:2      | Reached XP level 3. HP: 27/33 MP: 2/2
  1199 | D:2      | Reached skill level 3 in Long Blades
  1761 | D:3      | Reached XP level 4. HP: 36/40 MP: 3/3
  1888 | D:3      | Found a shimmering altar of Xom.
  2052 | D:3      | Reached skill level 1 in Dodging
  2292 | D:4      | Reached skill level 4 in Long Blades
  2296 | D:4      | Reached XP level 5. HP: 32/47 MP: 4/4
  2408 | D:4      | Found a stormy altar of Qazlal.
  2408 | D:4      | Noticed Natasha
  2416 | D:4      | Killed Natasha
  2425 | D:4      | Became a worshipper of Qazlal Stormbringer
  2532 | D:4      | Noticed Natasha
  2547 | D:4      | Killed Natasha
  2547 | D:4      | Reached skill level 5 in Long Blades
  2551 | D:4      | Noticed Natasha
  2556 | D:4      | Killed Natasha
  2685 | D:4      | Reached XP level 6. HP: 53/53 MP: 5/5
  2851 | D:4      | Noticed an orc warrior
  3135 | D:5      | Entered Level 5 of the Dungeon
  3149 | D:5      | Noticed Diode's ghost (amateur MiBe)
  3382 | D:5      | Slain by Diode's ghost

Skill      XL: |  1  2  3  4  5  6 |
---------------+-------------------+-----
Fighting       | 4 |  4.6
Shields        | 4 |  4.7
Long Blades    | 3 4 5 |  5.5
Dodging        | 1 2 |  2.1
Armour         | 4 |  4.6
Stealth        | |  0.5

Action                   |  1- 3 |  4- 6 || total
-------------------------+-------+-------++-------
Melee: Long sword        |    94 |    84 ||   178
       Headbutt          |    10 |    11 ||    21
  Eat: Chunk             |     3 |     1 ||     4
       Bread ration      |       |     1 ||     1
Armor: Scale mail        |     3 |       ||     3
       Ring mail         |    25 |    45 ||    70
Dodge: Dodged            |    35 |    39 ||    74
Block: Shield            |    45 |    45 ||    90
       Rpst.: Long sword |     8 |    10 ||    18
